 Dungeon Crawl Stone Soup version 0.19-a0-892-g8a19e52 (webtiles) character file.

4661 matakusis the Fighter (level 10, -3/121 HPs)
             Began as a Demonspawn Gladiator on July 4, 2016.
             Was a Priest of Hepliaklqana.
             Slain by Snorg (7 damage)
             ... on level 10 of the Dungeon.
             The game lasted 00:33:23 (9910 turns).

matakusis the Fighter (Demonspawn Gladiator)        Turns: 9910, Time: 00:33:25

Health: -3/121     AC: 25    Str: 16    XL:     10   Next: 20%
Magic:  10/10      EV:  2    Int: 16    God:    Hepliaklqana [***...]
Gold:   335        SH:  0    Dex: 16    Spells: 0 memorised, 9 levels left

rFire  . . .     SeeInvis .     a - +1 long sword
rCold  . . .     Gourm    +     (armour currently unavailable)
rNeg   + + +     Faith    .     m - +0 buckler
rPois  +         Spirit   .     (helmet currently unavailable)
rElec  .         Dismiss  .     (cloak currently unavailable)
rCorr  .         Reflect  .     (gloves currently unavailable)
SustAt +         Harm     .     (boots currently unavailable)
MR     .....     NoTele   +     o - amulet of the gourmand
Stlth  +.........               N - +6 ring of intelligence
                                M - ring of sustain attributes

@: confused, tree-form, not resistant to hostile enchantments, very unstealthy
A: (hooves 0), (camouflage 0), demonic guardian 1, no device heal 1, (sanguine
armour 0)
a: Recall Ancestor, Ancestor Identity, Transference, Renounce Religion


You were on level 10 of the Dungeon.
You worshipped Hepliaklqana.
Hepliaklqana was most pleased with you.
You were very full.
You were a tree.
You visited 2 branches of the dungeon, and saw 11 of its levels.

You collected 757 gold pieces.
You spent 422 gold pieces at shops.

Inventory:

Hand Weapons
 a - a +1 long sword (weapon)
Missiles
 A - 2 throwing nets (quivered)
 J - 4 silver javelins
Armour
 b - a +0 leather armour
 c - a +0 helmet (melded)
 m - a +0 buckler (worn)
 n - a +1 cloak (melded)
 y - the +1 chain mail "Xupnilei" (melded) {rElec rF+ rC+ Str+4}
   (You found it on level 6 of the Dungeon)

   It affects your strength (+4).
   It protects you from fire.
   It protects you from cold.
   It insulates you from electricity.
Jewellery
 o - an amulet of the gourmand (around neck)
 M - a ring of sustain attributes (left branch)
 N - a +6 ring of intelligence (right branch)
Wands
 d - a wand of random effects (29/48)
 i - a wand of polymorph (6/24)
 j - a wand of flame (28/48)
 x - a wand of digging (3/24)
 K - a wand of lightning (10/15)
Scrolls
 g - 6 scrolls of identify
 k - a scroll of fog
 p - 2 scrolls of enchant weapon
 s - 6 scrolls of remove curse
 t - a scroll of teleportation
 v - a scroll of amnesia
 z - a scroll of magic mapping
 C - a scroll of blinking
 G - a scroll of recharging
 H - a scroll of fear
 L - 4 scrolls of enchant armour
Potions
 e - a potion of ambrosia
 q - 2 potions of lignification
 r - 2 potions of might
 B - a potion of resistance
 D - 2 potions of haste
 F - a potion of heal wounds
Books
 w - a book of Necromancy

   Spells                             Type                      Level
   a - Pain                           Necromancy                   1
   b - Animate Skeleton               Necromancy                   1
   c - Vampiric Draining              Necromancy                   3
   d - Regeneration                   Charms/Necromancy            3
   e - Animate Dead                   Necromancy                   4
   f - Control Undead                 Necromancy                   4
 E - a book of the Sky

   Spells                             Type                      Level
   a - Summon Lightning Spire         Summoning/Air                4
   b - Airstrike                      Air                          4
   c - Silence                        Hexes/Air                    5
   d - Deflect Missiles               Charms/Air                   6
   e - Conjure Ball Lightning         Conjuration/Air              6
   f - Tornado                        Air                          9
Miscellaneous
 I - a phial of floods
Comestibles
 f - 4 bread rations
 h - a beef jerky
 l - 4 meat rations
 u - 7 fruits


   Skills:
 * Level 8.3 Fighting
 + Level 7.1 Long Blades
 - Level 1.7 Throwing
 + Level 3.6 Armour
 * Level 8.1 Dodging
 * Level 4.1 Shields


You had 9 spell levels left.
You didn't know any spells.

Dungeon Overview and Level Annotations

Branches:
Dungeon (10/15)            Temple (1/1) D:4            Lair (0/6) D:10
    Orc: D:9-12

Altars:
Ashenzari
Cheibriados
Dithmenos
Elyvilon
Fedhas
Gozag
Hepliaklqana
Kikubaaqudgha
Makhleb
Nemelex Xobeh
Okawaru
Pakellas
Qazlal
Ru
Sif Muna
Trog
Uskayaw
Vehumet
Xom
Yredelemnul
Zin
The Shining One

Shops:
D:4 (   D:6 !

Annotations:
D:10 Snorg


Innate Abilities, Weirdness & Mutations

((You have large cloven feet.))
A weak demonic guardian rushes to your aid.
((When seriously injured, your bleeding wounds create very thick armour. (AC +0)))
((Your skin changes colour to match your surroundings (Stealth+).))
Potions and wands are less effective at restoring your health.


Message History

The killer bee zombie hits you but does no damage.
Snorg bites you! Snorg claws you but does no damage. x2
The killer bee zombie hits you. Snorg bites you!
* * * LOW HITPOINT WARNING * * *
Snorg claws you!
* * * LOW HITPOINT WARNING * * *
Snorg claws you but does no damage.
You nearly hit yourself!
The killer bee zombie hits you but does no damage.
Snorg completely misses you. Snorg claws you but does no damage. x2
Your crimson imp hits Snorg.
The killer bee zombie hits you but does no damage.
Unknown command.
You swing at nothing.
Snorg bites your crimson imp!
Your crimson imp dies!
The killer bee zombie hits you but does no damage.
Snorg bites you!!
* * * LOW HITPOINT WARNING * * *
Snorg claws you!
You die...

.........5.................#.##
#
..#######.................##.###
.......#.................#..#.
.#...#....................#...
##PP.##...............<...##.)
.PPPP...#..................#.#
.PP>PP..#..................#.#
.{PPPP..#.....Z.....<........#
##P.P##.....T♣...............#
#...#......................##
.......#.............)......#
#######...##................
#########>####........ .#
....... .. #..


You could see Snorg (berserk) and a killer bee zombie.

Vanquished Creatures
  2 trolls (D:9)
  Sigmund (D:6)
  A hungry ghost (D:7)
  An orc warrior (D:8)
  A black bear (D:9)
  A necrophage (D:9)
  2 phantoms
  2 ogres
  3 big kobolds (D:3)
  5 giant frogs
  3 scorpions
  2 killer bees (D:10)
  2 howler monkeys
  2 jellies
  A centaur zombie (D:9)
  3 crimson imps
  A giant frog zombie (D:7)
  3 orc priests
  Crazy Yiuf (D:5)
  5 orc wizards
  Ijyb (D:2)
  3 iguanas
  4 worker ants
  A hound skeleton (D:7)
  A howler monkey zombie (D:7)
  13 gnolls
  11 adders
  A shadow imp (D:6)
  3 oozes
  An adder skeleton (D:4)
  A worm (D:2)
  3 dart slugs
  6 giant geckos
  27 orcs
  6 giant cockroaches
  35 goblins
  26 hobgoblins
  13 jackals
  9 kobolds
  5 quokkas
  A ball python skeleton (D:4)
  6 bats
  8 giant newts
  A quokka zombie (D:6)
  8 rats
236 creatures vanquished.

Vanquished Creatures (collateral kills)
  An unseen horror (D:10)
  A hungry ghost (D:7)
  A mottled dragon (D:8)
  An ice beast (D:7)
  2 ogres
  A sky beast (D:6)
  A giant frog (D:7)
  4 killer bees (D:10)
  A howler monkey (D:7)
  2 crimson imps
  An orc priest (D:7)
  An orc wizard (D:5)
  A howler monkey skeleton (D:6)
  An adder (D:8)
  An adder zombie (D:9)
  An adder skeleton (D:9)
  A giant gecko (D:6)
  5 orcs
  2 jackals (D:7)
29 creatures vanquished.

Vanquished Creatures (others)
  A knight (D:10)
  An ancestor (D:6)
2 creatures vanquished.

Grand Total: 267 creatures vanquished

Notes
Turn   | Place    | Note
-------+----------+-------------------------------------------
     0 | D:1      | matakusis the Demonspawn Gladiator began the quest for the Orb.
     0 | D:1      | Reached XP level 1. HP: 16/16 MP: 1/1
    66 | D:1      | Gained mutation: When seriously injured, your bleeding wounds create armour. (AC +0) [demonic ancestry]
    66 | D:1      | Reached XP level 2. HP: 22/22 MP: 2/2
   481 | D:1      | Gained mutation: When seriously injured, your bleeding wounds create thick armour. (AC +0) [demonic ancestry]
   481 | D:1      | Reached XP level 3. HP: 25/28 MP: 3/3
   958 | D:2      | Found a faded altar of an unknown god.
  1178 | D:2      | Noticed Ijyb
  1192 | D:2      | Killed Ijyb
  1192 | D:2      | Reached XP level 4. HP: 27/34 MP: 4/4
  1787 | D:3      | Reached XP level 5. HP: 33/41 MP: 5/5
  2522 | D:3      | Found a blossoming altar of Fedhas.
  2750 | D:3      | Found a shattered altar of Ashenzari.
  2750 | D:3      | Found an opulent altar of Gozag.
  2751 | D:3      | Found a basalt altar of Yredelemnul.
  3091 | D:3      | Reached XP level 6. HP: 28/48 MP: 6/6
  3097 | D:3      | Reached skill level 5 in Dodging
  3512 | D:3      | Reached XP level 7. HP: 21/55 MP: 7/7
  4070 | D:4      | Found a deep blue altar of Sif Muna.
  4188 | D:4      | Found a staircase to the Ecumenical Temple.
  4194 | Temple   | Entered the Ecumenical Temple
  4326 | Temple   | Became a worshipper of Hepliaklqana
  4454 | D:4      | Reached skill level 5 in Fighting
  4548 | D:4      | Found Zanewor Emio's Weapon Shoppe.
  5243 | D:5      | Entered Level 5 of the Dungeon
  5309 | D:5      | Found a runed door.
  5330 | D:5      | Reached * piety under Hepliaklqana
  5355 | D:5      | Noticed Crazy Yiuf
  5361 | D:5      | Killed Crazy Yiuf
  5425 | D:5      | Reached skill level 1 in Shields
  5449 | D:5      | Gained mutation: A weak demonic guardian rushes to your aid. [demonic ancestry]
  5449 | D:5      | Reached XP level 8. HP: 63/63 MP: 8/8
  5519 | D:5      | Found a bloodstained altar of Trog.
  6063 | D:6      | Got an encrusted chain mail
  6074 | D:6      | Identified the cursed +1 chain mail "Xupnilei" {rElec rF+ rC+ Str+4} (You found it on level 6 of the Dungeon)
  6083 | D:6      | Found Muiluma's Distillery.
  6088 | D:6      | Bought a potion of mutation for 32 gold pieces
  6088 | D:6      | Bought 2 potions of mutation for 65 gold pieces
  6089 | D:6      | Gained mutation: You are weak. (Str -2) [potion of mutation]
  6089 | D:6      | Gained mutation: Scrolls take you a little longer to read. [potion of mutation]
  6089 | D:6      | Gained mutation: Potions and wands are less effective at restoring your health. [potion of mutation]
  6090 | D:6      | Gained mutation: Your skin changes colour to match your surroundings (Stealth+). [potion of mutation]
  6090 | D:6      | Gained mutation: You are frail. (-10% HP) [potion of mutation]
  6090 | D:6      | Lost mutation: You are frail. (-10% HP) [potion of mutation]
  6091 | D:6      | Gained mutation: Your flesh is heat resistant. (rF+) [potion of mutation]
  6091 | D:6      | Gained mutation: Your mind is acute. (Int +2) [potion of mutation]
  6103 | D:6      | Bought a potion of cure mutation for 325 gold pieces
  6103 | D:6      | Lost mutation: Scrolls take you a little longer to read. [potion of cure mutation]
  6103 | D:6      | Lost mutation: Your mind is acute. (Int +2) [potion of cure mutation]
  6103 | D:6      | Lost mutation: You are weak. (Str -2) [potion of cure mutation]
  6103 | D:6      | Lost mutation: Your flesh is heat resistant. (rF+) [potion of cure mutation]
  6109 | D:6      | Found a stormy altar of Qazlal.
  6536 | D:6      | Noticed Sigmund
  6602 | D:6      | Killed Sigmund
  6602 | D:6      | Reached skill level 5 in Long Blades
  6606 | D:6      | Reached skill level 1 in Armour
  6947 | D:7      | Reached ** piety under Hepliaklqana
  6948 | D:7      | Remembered your ancestor Titus as a knight
  7118 | D:7      | Gained mutation: When seriously injured, your bleeding wounds create very thick armour. (AC +0) [demonic ancestry]
  7118 | D:7      | Reached XP level 9. HP: 63/71 MP: 9/9
  7195 | D:7      | You fall through a shaft!
  7613 | D:7      | Found a glowing silver altar of Zin.
  8741 | D:9      | Reached *** piety under Hepliaklqana
  8840 | D:9      | Noticed a troll
  8847 | D:9      | Killed a troll
  9115 | D:9      | Noticed a troll
  9122 | D:9      | Killed a troll
  9494 | D:10     | Entered Level 10 of the Dungeon
  9532 | D:10     | Gained mutation: You have large cloven feet. [demonic ancestry]
  9532 | D:10     | Reached XP level 10. HP: 74/80 MP: 10/10
  9552 | D:10     | Killed an unseen horror
  9879 | D:10     | Noticed Snorg
  9881 | D:10     | Found a staircase to the Lair.
  9910 | D:10     | HP: 4/121 [Snorg (18)]
  9910 | D:10     | Slain by Snorg

Vault maps used:
D:1:      dpeg_arrival_pits
D:2:      ecumenical_altar_2, uniq_iyjb
D:3:      minmay_goblin_kobold_castle, old_standard_altar,
          gammafunk_temple_overflow_claw, minmay_quantized
D:4:      serial_shops, nicolae_shop_stone, led_sif_book
D:5:      lightli_temple_of_fire, first_bread, minmay_item_behind_shaft,
          uniq_crazy_yiuf_cottage
D:6:      serial_shops, shop, nrook_loot_triangle, grunt_qazlal_clouds,
          uniq_sigmund
D:7:      nicolae_overflow_crystal_walls
D:10:     dpeg_oklobed_lair, basic_altar, uniq_nergalle, uniq_maurice,
          uniq_snorg
Temple:   eino_temple_rhombus

Skill      XL: |  1  2  3  4  5  6  7  8  9 10 |
---------------+-------------------------------+-----
Dodging        | 3 4 5 6 7 8 |  8.1
Long Blades    | 3 4 5 6 7 |  7.1
Fighting       | 3 4 5 6 8 |  8.3
Shields        | 1 2 3 4 |  4.1
Armour         | 1 3 |  3.6
Throwing       | |  1.7

Action                   |  1- 3 |  4- 6 |  7- 9 | 10-12 || total
-------------------------+-------+-------+-------+-------++-------
Melee: Long sword        |   135 |   348 |   506 |    59 ||  1048
       Kick              |       |       |       |    14 ||    14
Throw: Throwing net      |       |       |     3 |       ||     3
Invok: Ancestor Life: Kn |       |       |     1 |       ||     1
       Recall Ancestor   |       |       |     2 |       ||     2
  Use: Scroll            |       |    11 |    10 |       ||    21
       Potion            |       |     2 |     9 |     4 ||    15
 Stab: Sleeping          |     1 |     1 |     1 |       ||     3
       Distracted        |       |       |     2 |     1 ||     3
  Eat: Chunk             |     1 |    20 |    29 |     1 ||    51
Armor: Leather armour    |    37 |    84 |    26 |       ||   147
       Chain mail        |       |       |   112 |    30 ||   142
       Skin              |       |       |       |    44 ||    44
Dodge: Dodged            |    71 |   236 |   230 |    44 ||   581
Block: Buckler           |       |       |    70 |    17 ||    87
